 Dungeon Crawl Stone Soup version 0.31-a0-233-g139696dc86 (webtiles) character file.

Game seed: 4252098027212624676

89 qw the Shooter (level 4, -1/26 HPs)
             Began as a Gargoyle Hexslinger on July 7, 2023.
             Killed from afar by an orc wizard (8 damage)
             ... with a magic dart
             ... on level 3 of the Dungeon.
             The game lasted 00:00:41 (1736 turns).

qw the Shooter (Gargoyle Hexslinger)                Turns: 1736, Time: 00:00:42

Health: -1/26      AC:  5    Str: 17    XL:     4   Next: 55%
Magic:  0/5        EV: 12    Int: 14    God:
Gold:   128        SH:  0    Dex: 14    Spells: 4/5 levels left

rFire   . . .        Y - +1 sling
rCold   . . .        (no shield)
rNeg    + . .        c - +0 robe
rPois   inf          (no helmet)
rElec   +            (no cloak)
rCorr   .            (no gloves)
SInv    .            (no boots)
Will    .....        a - amulet of guardian spirit
Stlth   +            d - +6 ring of strength
HPRegen 0.24/turn    (no ring)
MPRegen 0.09/turn

%: guardian spirit
@: no status effects
A: sickness immunity, AC +3, negative energy resistance 1, electricity
resistance, torment resistance 1, petrification resistance
a: no special abilities


You were on level 3 of the Dungeon.
You visited 1 branch of the dungeon, and saw 3 of its levels.

You collected 128 gold pieces.


Innate Abilities, Weirdness & Mutations

You are immune to sickness and miasma.
Your stone body is resilient. (AC +3)
You are immune to poison.
You resist negative energy. (rN+)
You are resistant to electric shocks. (rElec)
You are resistant to unholy torment.
You are immune to petrification.


   Skills:
 - Level 2.0 Fighting
 + Level 4.3 Ranged Weapons
 - Level 1.5 Dodging
 - Level 1.0 Spellcasting
 - Level 2.6 Hexes


You had 4 spell levels left.
You knew the following spells:

 Your Spells              Type           Power      Damage    Failure   Level
a - Slow                  Hex            32%        N/A       9%          1

Your spell library contained the following spells:

 Spells                   Type           Power      Damage    Failure   Level
 Inner Flame              Hex/Fire       4%         N/A       41%         3
 Portal Projectile        Hex/Tloc       8%         N/A       41%         3
 Cause Fear               Hex            4%         N/A       65%         4

Inventory:

Hand Weapons
 Y - a +1 sling (weapon)
Armour
 c - a +0 robe (worn)
 j - a +0 leather armour
Jewellery
 a - an amulet of guardian spirit (around neck)
 d - a +6 ring of strength (left hand)
Scrolls
 g - 3 scrolls of teleportation
 h - a scroll of identify
 k - a scroll of fog {unknown}
Potions
 b - a potion of brilliance {unknown}
 e - a potion of mutation {unknown}
 f - a potion of curing
 i - a potion of enlightenment {unknown}

Dungeon Overview and Level Annotations

Branches:
Dungeon (3/15)

Altars:


Message History

You shoot a sling bullet.
The sling bullet hits the orc wizard but does no damage.
You shoot a sling bullet.
The sling bullet closely misses the orc wizard.
The orc wizard hits you but does no damage.
You shoot a sling bullet. The sling bullet hits the orc wizard.
The orc wizard is moderately wounded.
The orc wizard hits you with a +0 dagger.
The orc wizard points at you and mumbles some strange words.
The magic dart hits you!
You shoot a sling bullet. The sling bullet hits the orc wizard.
The orc wizard is heavily wounded.
The orc wizard gestures at you while chanting.
You resist with some effort.
You shoot a sling bullet. The sling bullet hits the orc wizard.
The orc wizard is heavily wounded.
The orc wizard closely misses you.
The orc wizard hits you with a +0 dagger.
You shoot a sling bullet. The sling bullet hits the orc wizard.
The orc wizard is almost dead.
The orc wizard closely misses you.
The orc wizard gestures at you while chanting.
The magic dart hits you.
You shoot a sling bullet.
The sling bullet closely misses the orc wizard.
The orc wizard mumbles some strange words.
The orc wizard flickers and vanishes!
Deactivating autopickup; reactivate with Ctrl-A.
The orc wizard hits you with a +0 dagger.
You shoot a sling bullet.
The sling bullet barely misses the orc wizard.
Something hits you but does no damage. The orc wizard barely misses you.
The orc wizard hits you with a +0 dagger.
Something completely misses you.
You shoot a sling bullet. The sling bullet hits the orc wizard.
The orc wizard is lightly wounded.
Something hits you.
The orc wizard points at you and mumbles some strange words.
The magic dart hits you!
You die...

.................#.
......##.........#. #
#.....##.#.#.#...##
#.##.....#............
#.#.......#.#.#.#.....
.............).......
#.......#.#.#.#.....
#................[..
######.o@....#.#.#.#.....
.......{).......>........
######.#.#...#.#.#.#.....
#.#.#.#.............
#.#.#...#.#.#.#####.
#o#.###.............
#.#.#...#.#.#.##....
#o#.#.##.......# ..#
#.#.#.###.#.#.##. ..


You could see an orc wizard.

Vanquished Creatures
  An orc wizard (D:3)
  An adder (D:1)
  A worm (D:3)
  2 dart slugs (D:2)
  2 orcs (D:3)
  4 ball pythons
  6 bats
  3 endoplasms (D:1)
  A giant cockroach (D:1)
  6 goblins
  3 hobgoblins
  2 jackals (D:2)
  2 quokkas (D:3)
  4 frilled lizards
  3 kobolds
  2 rats
43 creatures vanquished.

Notes
Turn   | Place    | Note
-------+----------+-------------------------------------------
     0 | D:1      | qw the Gargoyle Hexslinger began the quest for the Orb.
     0 | D:1      | Reached XP level 1. HP: 12/12 MP: 2/2
     0 | D:1      | 0 ||| qw: Version: 0.3-a-46-gb1f654a
     0 | D:1      | 0 ||| qw: Game counter: 3304
     0 | D:1      | 0 ||| qw: Melee chars always use a shield: true
     0 | D:1      | 0 ||| qw: God list: Okawaru
     0 | D:1      | 0 ||| qw: Allow faded altars: false
     0 | D:1      | 0 ||| qw: Do Orc after clearing Dungeon:15 true
     0 | D:1      | 0 ||| qw: Do second Lair branch before Depths: true
     0 | D:1      | 0 ||| qw: Lair rune preference: random
     0 | D:1      | 0 ||| qw: Goals: Normal
     0 | D:1      | 0 ||| PLANNING D:1-11
   116 | D:1      | Reached XP level 2. HP: 16/16 MP: 3/3
   296 | D:1      | Reached skill level 3 in Ranged Weapons
   542 | D:1      | Reached XP level 3. HP: 16/21 MP: 4/4
   581 | D:1      | 581 ||| UPGRADING to +6 ring of strength.
   582 | D:1      | 582 ||| READING scroll labelled NIR YJO ZUYJ.
   586 | D:1      | 586 ||| READING scroll labelled KIYSAESANU.
   587 | D:1      | 587 ||| DROPPING scroll of poison.
   652 | D:2      | 652 ||| STAIRDANCE
  1383 | D:2      | 1383 ||| UPGRADING to amulet of guardian spirit.
  1388 | D:2      | 1388 ||| READING 2 scrolls labelled DUWURI UKHLOO.
  1389 | D:2      | 1389 ||| DRINKING 2 dark potions.
  1496 | D:3      | Reached XP level 4. HP: 26/26 MP: 5/5
  1522 | D:3      | Reached skill level 4 in Ranged Weapons
  1725 | D:3      | 1725 ||| Stepping ~*~*~tactically~*~*~ (outnumbered).
  1727 | D:3      | 1727 ||| Stepping ~*~*~tactically~*~*~ (outnumbered).
  1736 | D:3      | Killed from afar by an orc wizard

Levels and vault maps discovered:
D:1:      spicycebolla_green_bress_n_ham, layout_basic
D:2:      layout_basic, hex_intersection
D:3:      layout_basic, st_stairs_12, uniq_crazy_yiuf_cottage, uniq_natasha,
          uniq_ijyb, uniq_grinder

Skill      XL: |  1  2  3  4 |
---------------+-------------+-----
Ranged Weapons | 3 4 |  4.3
Fighting       | 2 |  2.0
Dodging        | |  1.5
Spellcasting   | |  1.0
Hexes          | |  2.6

Action                     |  1- 3 |  4- 6 || total
---------------------------+-------+-------++-------
   Fire: Sling             |   117 |    50 ||   167
    Use: Scroll            |     3 |       ||     3
         Potion            |     1 |       ||     1
 Armour: Robe              |    15 |    16 ||    31
  Dodge: Dodged            |    33 |     9 ||    42

Table legend:
 A = Non-vault XP
 B = Vault XP
 C = Vault XP percentage of total XP
 D = Non-vault monster count
 E = Vault monster count
 F = Vault count percentage of total count
                 A         B        C        D         E       F
            +---------+---------+-------+---------+---------+-------
      Total |     127 |       1 |   0.8 |      42 |       1 |   2.3
            +---------+---------+-------+---------+---------+-------
        D:1 |      50 |       0 |   0.0 |      23 |       0 |   0.0
        D:2 |      26 |       0 |   0.0 |      12 |       0 |   0.0
        D:3 |      51 |       1 |   1.9 |       7 |       1 |  12.5
            +---------+---------+-------+---------+---------+-------
